 Dungeon Sprint DCSS version 0.03.2.1-42-g860841ac0a (webtiles) character file.

Game seed: 1846038695315351327, levelgen mode: deterministic

12535 esc the Crack Shot (level 11, 0/107 HPs) Centaur Hunter. Began on Jan 26, 2021. Was an Initiate of Gozag Ym Sagoz. Slain by a 12-headed hydra (6 damage) ... in the Dungeon (Sprint I: "Red Sonja"). The game lasted 00:15:31 (1543 turns).

esc the Crack Shot (Centaur Hunter)                 Turns: 1543, Time: 00:15:33

Health: 0/107      AC: 25    Str: 24    XL:     11 ^: 3940
Magic:  9/9        EV:  9    Int: 17    God:    Gozag Ym Sagoz
Gold:   1164       SH:  0    Dex: 11    Spells: 10/10 levels left

rFire    + . .     Vision   .   b - +4 longbow
rCold    . . .     Gourm    .   (also wielding the above weapon)
rNeg     . . .     Faith    .   a - +8 plate armour "Duushau" {Int+3, (Curse: *Slow)} (curse)
rPois    +         Spirit   .   q - +0 helmet of Xapuaki {rPois rC- Regen+ Int+4}
rElec    +         Reflect  .   o - +2 cloak
rCorr    .         Harm     +   (no gloves)
MR       .....     Rnd*Rage +   (no barding) Stlth ..........NoTele +
                                r - amulet of harm
HPRegen  0.85/turn              y - ring "Nuidesch" {Wiz rElec rC+ Str+4 Stlth+}
MPRegen  0.19/turn              s - ring of strength

@: very quick
A: large, hooves 3, berserk 2, clumsy 1, deformed body, fire resistance 1, speed
2, low mp 1, tough skin 3
a: Potion Petition, Call Merchant, Bribe Branch, Renounce Religion


You were in the Dungeon.
You worshipped Gozag Ym Sagoz.
Gozag Ym Sagoz was most pleased with you.
You were not hungry.

You visited 1 branch You collected 5781 gold pieces.
You spent 4617 gold pieces at shops.

Inventory:

Weapons
 b - a +4 longbow (weapon)
Armour
 a - the cursed +8 plate armour "Duushau" (worn) {Int+3, (Curse: *Slow)}
   (You bought it in a shop in the Dungeon)

   It affects your intelligence (+3).
   It has a curse placed upon it.
   { (Curse: *Slow)}
 o - a +2 cloak (worn)
 q - the +0 helmet of Xapuaki (worn) {rPois rC- Regen+ Int+4}
   (You bought it in a shop in the Dungeon)

   It affects your intelligence (+4).
   It makes you vulnerable to cold.
   It protects you from poison.
   It increases your rate of regeneration.
Jewellery
 r - an amulet of harm (around neck)
 s - a ring of strength (right hand)
 y - the ring "Nuidesch" (left hand) {Wiz rElec rC+ Str+4 Stlth+}
   (You bought it in a shop in the Dungeon)

   [ring of wizardry]

   It improves your spell success rate.
   It affects your strength (+4).
   It protects you from cold.
   It insulates you from electricity.
   It makes you more stealthy.
Wands
 c - a wand of disintegration (6)
 e - a wand of flame (1)
 k - a wand of ensnaring (2)
 p - a wand of polymorph (1)
Scrolls
 j - a scroll of blinking
Potions
 f - 8 potions of heal wounds
 g - a potion of haste
 h - 2 potions of magic
 i - a potion of berserk rage
 l - 4 potions of curing
 m - a potion of brilliance
 n - a potion of agility
 u - 5 potions of might
 v - a potion of ambrosia
 w - 2 potions of resistance
Comestibles
 d - 3 rations


   Skills:
 + Level 13.5 Fighting
 + Level 25.0 Bows
 + Level 9.9 Armour
 + Level 5.7 Dodging
 - Level 0.4 Stealth


You had 10 spell levels left.
You didn't know any spells.
Your spell library contained the following spells:

 Spells                   Type           Power        Failure   Level  Hunger
 Flame Tongue             Fire           0 (30)       30%         1    ##.....
 Blink                    Tloc           N/A          41%         2    ###....
 Call Imp                 Summ           0 (100)      41%         2    ###....
 Slow                     Hex            0 (100)      41%         2    ###....
 Conjure Flame            Fire           0 (100)      65%         3    ####...
 Mephitic Cloud           Pois/Air       0 (100)      65%         3    ####...


Dungeon Overview and Level Annotations

Branches:
Dungeon (1/1)

Altars:
Cheibriados
Dithmenos
Elyvilon
Fedhas Madash
Gozag Ym Sagoz
Hepliaklqana
Kikubaaqudgha
Makhleb
Nemelex Xobeh
Okawaru
Qazlal
Ru
Sif Muna
Trog
Uskayaw
Vehumet
Wu Jian
Xom
Yredelemnul
Zin
The Shining One
Jiyva
Lugonu

Shops:
D :[(=!!((:=(([*?[}**[[


Innate Abilities, Weirdness & Mutations

You have hooves in place of feet.
Armour fits poorly on your strangely shaped body.
You cover ground very quickly.
You have extremely tough skin. (AC +3)
You often lose your temper in combat.
You are clumsy. (Dex -2)
You are heat resistant. (rF+)
Your magical capacity is low. (-10% MP)


Message History

The 12-headed hydra bites you (12)! The 12-headed hydra bites you (8)!
* * * LOW HITPOINT WARNING * * *
The 12-headed hydra bites you but does no damage. x2
The 12-headed hydra bites you (7)!
* * * LOW HITPOINT WARNING * * *
The 12-headed hydra bites you but does no damage.
The 12-headed hydra bites you (1).
* * * LOW HITPOINT WARNING * * *
Okay, then.
The floating eye gazes piercingly through you!
You are slowing down.
You feel limber!
You feel magically purged. The floating eye seems to glare at you.
The 12-headed hydra bites you but does no damage. x2
The 12-headed hydra bites you (15)!
* * * LOW HITPOINT WARNING * * *
The 12-headed hydra bites you (5).
You die...
Your body crumbles into a pile of gold.

#########################********
..)...#[.#§..§§§@G§§§'§$#^^+$$$$*
..#)..##'#§####§§D§.##$.+^^*$$$$*
###...§§§#§#$*##§§§##**##*+*$$,$$
.§#####.§§.#+*$###+#,,,**,,*$$$$$
§.#..##+####^,$*,*,**$$$*,,**$$$$
.§'..#,,,,,*,,$***,,***$*,,≈***+*
§.#.§#,,,,,+,,$$$**,*,*$*,,≈,,*,*
####'###,,,*^,,,,*,,***$*,,≈,**+*
.###.'.#,,,***++**,**,,$*,,≈**^,,


You could see a 12-headed hydra and a floating eye.

Vanquished Creatures
  Sonja (D)
  2 unseen horrors (D)
  A lindwurm (D)
  2 centaur warriors (D)
  A deep troll (D)
  An oklob plant (D)
  8 shining eyes (D)
  2 kobold demonologists (D)
  A hornet (D)
  4 demonic crawlers (D)
  A yak (D)
  Sigmund (D)
  13 hogs (D)
  A slime creature (D)
  2 redbacks (D)
  7 necrophages (D)
  6 floating eyes (D)
  Ijyb (D)
  An ogre (D)
  8 jellies (D)
  3 ballistomycetes (D)
67 creatures vanquished.

Vanquished Creatures (others)
  2 hornets (D)
  2 ballistomycete spores (D)
4 creatures vanquished.

Grand Total: 71 creatures vanquished

Notes
Turn   | Place    | Note
-------+----------+-------------------------------------------
     0 | D        | esc the Centaur Hunter began the quest for the Orb.
     0 | D        | Reached XP level 1. HP: 17/17 MP: 1/1
     1 | D        | Noticed Ijyb
    36 | D        | Killed Ijyb
    36 | D        | Reached skill level 11 in Bows
    36 | D        | Reached XP level 2. HP: 21/24 MP: 2/2
    36 | D        | Reached XP level 3. HP: 26/29 MP: 3/3
    36 | D        | Reached XP level 4. HP: 32/36 MP: 4/4
    54 | D        | Noticed an ogre
    65 | D        | Killed an ogre
    65 | D        | Reached skill level 14 in Bows
    65 | D        | Reached XP level 5. HP: 41/41 MP: 5/5
    83 | D        | Noticed Sigmund
    86 | D        | Killed Sigmund
    86 | D        | Reached skill level 16 in Bows
    86 | D        | Reached XP level 6. HP: 48/48 MP: 6/6
   102 | D        | Found an ornate altar of the Wu Jian Council.
   102 | D        | Found a shimmering blue altar of Sif Muna.
   104 | D        | Found a radiant altar of Vehumet.
   135 | D        | Found Uqilois's Jewellery Emporium.
   135 | D        | Found an ancient bone altar of Kikubaaqudgha.
   135 | D        | Found a hazy altar of Hepliaklqana.
   135 | D        | Found a stormy altar of Qazlal.
   135 | D        | Found a hide-covered altar of Uskayaw.
   135 | D        | Found a blossoming altar of Fedhas.
   135 | D        | Found a bloodstained altar of Trog.
   135 | D        | Found an iron altar of Okawaru.
   135 | D        | Found a basalt altar of Yredelemnul.
   135 | D        | Found a glowing golden altar of the Shining One.
   135 | D        | Found a snail-covered altar of Cheibriados.
   135 | D        | Found a sacrificial altar of Ru.
   135 | D        | Found a glowing silver altar of Zin.
   135 | D        | Found a shadowy altar of Dithmenos.
   135 | D        | Found a white marble altar of Elyvilon.
   135 | D        | Noticed a yak
   152 | D        | Killed a yak
   152 | D        | Reached skill level 18 in Bows
   166 | D        | Found an opulent altar of Gozag.
   167 | D        | Found a sparkling altar of Nemelex Xobeh.
   171 | D        | Became a worshipper of Gozag Ym Sagoz the Greedy
   180 | D        | Noticed Sonja
   202 | D        | Killed Sonja
   202 | D        | Reached skill level 20 in Bows
   202 | D        | Reached XP level 7. HP: 14/55 MP: 7/7
   202 | D        | Reached XP level 8. HP: 16/61 MP: 8/8
   453 | D        | Found Xelofegu's Book Boutique.
   593 | D        | Noticed a deep troll
   616 | D        | Killed a deep troll
   616 | D        | Reached skill level 5 in Fighting
   616 | D        | Reached skill level 21 in Bows
   638 | D        | Found Usalu Vaopp's Armour Emporium.
   643 | D        | Bought a +2 cloak for 165 gold pieces
   686 | D        | Found a viscous altar of Jiyva.
   686 | D        | Found a corrupted altar of Lugonu.
   687 | D        | Found a burning altar of Makhleb.
   687 | D        | Found a shimmering altar of Xom.
   704 | D        | Reached skill level 1 in Armour
   731 | D        | Noticed a kobold demonologist
   731 | D        | Noticed a kobold demonologist
   737 | D        | Killed a kobold demonologist
   737 | D        | Reached XP level 9. HP: 78/78 MP: 9/9
   757 | D        | Killed a kobold demonologist
   757 | D        | Reached skill level 22 in Bows
   807 | D        | Bought an uncursed amulet of harm for 420 gold pieces
   807 | D        | Bought an uncursed ring of strength for 576 gold pieces
   825 | D        | Noticed a shining eye
   825 | D        | Noticed a shining eye
   825 | D        | Noticed a shining eye
   825 | D        | Gained mutation: Your magical capacity is low. (-10% MP) [a
                  | shining eye]
   841 | D        | Noticed a shining eye
   846 | D        | Gained mutation: You tend to lose your temper in combat. [a
                  | shining eye]
   852 | D        | Gained mutation: You often lose your temper in combat. [a
                  | shining eye]
   852 | D        | Gained mutation: You are clumsy. (Dex -2) [a shining eye]
   853 | D        | Killed a shining eye
   854 | D        | Gained mutation: You are heat resistant. (rF+) [a shining
                  | eye]
   855 | D        | Killed a shining eye
   855 | D        | Reached skill level 5 in Armour
   857 | D        | Killed a shining eye
   859 | D        | Killed a shining eye
   859 | D        | Reached skill level 23 in Bows
   859 | D        | Reached XP level 10. HP: 93/93 MP: 9/9
   862 | D        | Noticed a shining eye
   862 | D        | Noticed a shining eye
   864 | D        | Killed a shining eye
   864 | D        | Reached skill level 10 in Fighting
   866 | D        | Killed a shining eye
   867 | D        | Noticed a shining eye
   867 | D        | Noticed a shining eye
   870 | D        | Killed a shining eye
   873 | D        | Killed a shining eye
   910 | D        | Found Bitaheg's Distillery.
   910 | D        | Found Zosec's Distillery.
   911 | D        | Found Deasmoex's Armour Shoppe.
   911 | D        | Found Rerghec's Antique Weapon Emporium.
   965 | D        | Noticed a centaur warrior
   970 | D        | Killed a centaur warrior
   973 | D        | Noticed a centaur warrior
   976 | D        | Killed a centaur warrior
   985 | D        | Reached skill level 24 in Bows
  1031 | D        | Noticed an oklob plant
  1034 | D        | Killed an oklob plant
  1058 | D        | Killed an unseen horror
  1058 | D        | Reached XP level 11. HP: 104/104 MP: 9/9
  1060 | D        | Killed an unseen horror
  1147 | D        | Identified the +5 scimitar of Zeomuat {elec, *Rage Int+6}
  1176 | D        | Found Myirag's Weapon Shoppe.
  1176 | D        | Found Zawkicracah's Weapon Shop.
  1176 | D        | Found Doplinn's Book Boutique.
  1178 | D        | Found Ryasihod's Jewellery Emporium.
  1178 | D        | Found Cistrar's Antique Weapon Shop.
  1178 | D        | Found Vayjoutt's Antique Weapon Shoppe.
  1178 | D        | Found Fadgh's Armour Boutique.
  1178 | D        | Found Giguats's Assorted Antiques.
  1178 | D        | Found Hec Puos's Magic Scroll Shop.
  1178 | D        | Found Ufuagud's Antique Armour Shoppe.
  1182 | D        | Found Yciaf's Gadget Boutique.
  1183 | D        | Found Ohisusch's General Store.
  1183 | D        | Found Acha's General Store.
  1184 | D        | Found Woucwoor's Antique Armour Emporium.
  1188 | D        | Bought a scroll of magic mapping for 38 gold pieces
  1197 | D        | Bought a fine helmet for 209 gold pieces
  1197 | D        | Identified the +0 helmet of Xapuaki {rPois rC- Regen+
                  | Int+4} (You bought it in a shop in the Dungeon)
  1203 | D        | Bought a scroll of enchantment for 82 gold pieces
  1203 | D        | Bought a scroll of enchantment for 82 gold pieces
  1203 | D        | Bought 2 scrolls of enchantment for 165 gold pieces
  1255 | D        | Bought a potion of might for 52 gold pieces
  1255 | D        | Bought a potion of ambrosia for 104 gold pieces
  1255 | D        | Bought a potion of heal wounds for 65 gold pieces
  1255 | D        | Bought a potion of resistance for 130 gold pieces
  1255 | D        | Bought a potion of heal wounds for 65 gold pieces
  1255 | D        | Bought a potion of might for 52 gold pieces
  1255 | D        | Bought a potion of heal wounds for 65 gold pieces
  1255 | D        | Bought a potion of cancellation for 104 gold pieces
  1255 | D        | Bought a potion of might for 52 gold pieces
  1257 | D        | Bought a potion of heal wounds for 70 gold pieces
  1257 | D        | Bought a potion of cancellation for 112 gold pieces
  1257 | D        | Bought a potion of might for 56 gold pieces
  1257 | D        | Bought 2 potions of curing for 84 gold pieces
  1257 | D        | Bought a potion of might for 56 gold pieces
  1257 | D        | Bought a potion of heal wounds for 70 gold pieces
  1257 | D        | Bought a potion of resistance for 140 gold pieces
  1317 | D        | Bought the ring "Nuidesch" {Wiz rElec rC+ Str+4 Stlth+} for
                  | 870 gold pieces
  1420 | D        | Bought the cursed +8 plate armour "Duushau" {Int+3, (Curse:
                  | *Slow)} for 733 gold pieces
  1469 | D        | Noticed a lindwurm
  1470 | D        | Killed a lindwurm
  1480 | D        | Reached skill level 5 in Dodging
  1503 | D        | Reached skill level 25 in Bows
  1533 | D        | Noticed a 12-headed hydra
  1543 | D        | Slain by a 12-headed hydra

Levels and vault maps discovered:
D:        dungeon_sprint_1 [red_sonja_temple_1, red_sonja_temple_small_1]

Skill      XL: |  1  2  3  4  5  6  7  8  9 10 11 |
---------------+----------------------------------+-----
Bows           | 11 14 16 20 21 23 24 25 | 25.0
Fighting       | 6 9 12 13 | 13.5
Armour         | 2 6 8 9 |  9.9
Dodging        | 2 5 |  5.7
Stealth        | |  0.4

Action                   |  1- 3 |  4- 6 |  7- 9 | 10-12 || total
-------------------------+-------+-------+-------+-------++-------
 Fire: Shortbow          |    13 |    35 |    71 |    18 ||   137
       Longbow           |       |       |       |    90 ||    90
  Use: Potion            |       |     1 |       |     2 ||     3
       Scroll            |       |       |       |     5 ||     5
  Eat: Ration            |       |       |       |     1 ||     1
Armor: Leather armour    |     3 |       |       |       ||     3
       Plate armour      |       |       |       |    31 ||    31
       Ring mail         |       |       |       |    12 ||    12
Dodge: Dodged            |     5 |     1 |     1 |    10 ||    17
